 Dungeon Crawl Stone Soup version 0.29-a0-330-g52719c12eb (webtiles) character file.

Game seed: 13712926485718383287

109 v38m2y69t the Skirmisher (level 4, -1/38 HPs)
             Began as a Palentonga Fighter on Apr 27, 2022.
             Succumbed to a killer bee's poison
             ... on level 3 of the Dungeon.
             The game lasted 00:08:48 (2867 turns).

v38m2y69t the Skirmisher (Palentonga Fighter)       Turns: 2867, Time: 00:08:49

Health: -1/38      AC:  9    Str: 21    XL:     4   Next: 59%
Magic:  4/4        EV:  7    Int:  8    God:
Gold:   163        SH:  4    Dex: 10    Spells: 3/3 levels left

rFire   . . .      SeeInvis +   a - +0 war axe
rCold   . . .      Faith    .   c - +0 buckler
rNeg    . . .      Spirit   .   b - +0 scale mail
rPois   .          Reflect  .   v - +1 hat {Will+}
rElec   .          Harm     .   p - +0 cloak
rCorr   .          Rampage  .   (no gloves)
Will    +....                   (no barding)
Stlth   ..........              w - amulet of magic regeneration
HPRegen 0.12/turn               (no ring)
MPRegen 0.49/turn               (no ring)

@: lethally poisoned (-1 -> -14), hasted, very quick
A: large, rugged brown scales 3, see invisible, deformed body, roll 1, armoured
tail
a: Rolling Charge


You were on level 3 of the Dungeon.
You visited 1 branch of the dungeon, and saw 4 of its levels.

You collected 163 gold pieces.

Inventory:

Hand Weapons
 a - a +0 war axe (weapon)
Missiles
 m - 5 boomerangs
Armour
 b - a +0 scale mail (worn)
 c - a +0 buckler (worn)
 p - a +0 cloak (worn)
 v - a +1 hat of willpower (worn)
Jewellery
 w - an amulet of magic regeneration (around neck)
Wands
 n - a wand of polymorph (8)
Scrolls
 e - 2 scrolls of amnesia {unknown}
 f - 3 scrolls of identify {unknown}
 h - a scroll of fear {unknown}
 i - 3 scrolls of vulnerability {unknown}
 j - a scroll of summoning {unknown}
 l - 2 scrolls of noise {unknown}
 o - a scroll of magic mapping {unknown}
 q - a scroll of holy word {unknown}
 s - 2 scrolls of teleportation {unknown}
Potions
 d - a potion of might
 g - a potion of resistance {unknown}
 r - a potion of ambrosia {unknown}
 t - a potion of lignification {unknown}
 u - 2 potions of curing {unknown}


   Skills:
 + Level 3.6 Fighting
 + Level 3.0 Axes
 + Level 3.2 Armour
 + Level 0.2 Dodging
 + Level 2.8 Shields


You had 3 spell levels left.
You didn't know any spells.
Your spell library contained the following spells:

 Spells                   Type           Power      Damage    Failure   Level
 Conjure Flame            Conj/Fire      0%         6-21      99%         3
 Ignite Poison            Fire/Tmut/Pois 0%         N/A       99%         3
 Sticky Flame             Conj/Fire      0%         2d3       100%        4


Dungeon Overview and Level Annotations

Branches:
Dungeon (4/15)
 Temple: D:4-7

Altars:
Ru
The Shining One

Shops:
D:2 (


Innate Abilities, Weirdness & Mutations

You are completely covered in rugged brown scales. (AC +3, +7% HP)
You have supernaturally acute eyesight. (SInv)
Armour fits poorly on your strangely shaped body.
You can roll at nearby foes to attack.
You have a long armoured tail.


Message History

There is a stone staircase leading up here.
You see here a +0 ring mail.
Found a stone staircase leading up.
A killer bee comes into view.
The killer bee buzzes angrily.
A killer bee comes into view. x3
The killer bee moves out of view. x2
There is a stone staircase leading up here.
A killer bee is nearby!
The killer bee stings you.
You are poisoned.
The killer bee poisons you!
There is a stone staircase leading up here.
You feel sick. The killer bee completely misses you.
The killer bee stings you but does no damage.
You climb upwards.
You feel sick.
There is a stone staircase leading down here.
You miss the killer bee.
You feel sick. The killer bee stings you.
You are more poisoned.
The killer bee poisons you! The killer bee barely misses you.
You barely miss the killer bee.
You feel very sick. The killer bee stings you. x2
You are lethally poisoned!
The killer bee poisons you! The killer bee stings you.
You are more poisoned.
The killer bee poisons you!
You closely miss the killer bee.
* * * LOW HITPOINT WARNING * * *
You feel extremely sick. The killer bee barely misses you.
The killer bee stings you but does no damage.
The killer bee barely misses you. There's nothing you can charge at!
You miss the killer bee.
* * * LOW HITPOINT WARNING * * *
You feel very sick. The killer bee closely misses you.
The killer bee completely misses you.
It was a potion of haste.
You feel yourself speed up.
You die...

#.......##....#
#.......##....#
##.......##....#
...####..#######
##.# #..## #.#
#...#
##.####.#.######
........)......###
................@#
##.####.#..###.#y#
##.####.#..###.#.#
.....##.#...##.#.#
.#.#.##.#.#.##.#.#
...#.##.#.#.##.#.#
...))##.#.#.##.#.#
.#.#.##.#.#..#.#.#
.#.#.##.#.##.#.#.#


You could see a killer bee.

Vanquished Creatures
  A hound (D:3)
  3 adders
  A dart slug (D:3)
  6 orcs
  A bat (D:2)
  5 endoplasms
  2 giant cockroaches (D:3)
  4 goblins
  A hobgoblin (D:1)
  5 jackals
  2 quokkas (D:2)
  4 ball pythons
  2 frilled lizards (D:2)
  4 kobolds
41 creatures vanquished.

Vanquished Creatures (others)
  A fungus (D:3)
  2 plants (D:3)
3 creatures vanquished.

Grand Total: 44 creatures vanquished

Notes
Turn   | Place    | Note
-------+----------+-------------------------------------------
     0 | D:1      | v38m2y69t the Palentonga Fighter began the quest for the
                  | Orb.
     0 | D:1      | Reached XP level 1. HP: 19/19 MP: 1/1
    14 | D:1      | Found a faded altar of an unknown god.
    23 | D:1      | Prayed at the altar of an unknown god.
    23 | D:1      | Became a worshipper of Ru the Awakened
    39 | D:1      | Fell from the grace of Ru
   498 | D:1      | Reached XP level 2. HP: 25/25 MP: 2/2
   715 | D:2      | Found Fejaen's Antique Weapon Shoppe.
  1115 | D:2      | Reached XP level 3. HP: 31/31 MP: 3/3
  1630 | D:3      | Reached XP level 4. HP: 37/38 MP: 4/4
  2052 | D:3      | Found a glowing golden altar of the Shining One.
  2523 | D:3      | Found a sacrificial altar of Ru.
  2867 | D:3      | Succumbed to a killer bee's poison

Illustrated notes

Levels and vault maps discovered:
D:1:      psy_arrival_terrarium, layout_basic,
          hellmonk_ecumenical_altar_pennies_from_heaven, minmay_hedge_maze,
          minivault_5
D:2:      layout_loops_ring, serial_shops, shop_coins
D:3:      layout_basic, nicolae_ru_the_path_less_chosen, tso_metal_star
D:4:      layout_loops_cross, minmay_ruptured

Skill      XL: |  1  2  3  4 |
---------------+-------------+-----
Armour         | 3 |  3.2
Axes           | 3 |  3.0
Fighting       | |  3.6
Dodging        | |  0.2
Shields        | |  2.8

Action                   |  1- 3 |  4- 6 || total
-------------------------+-------+-------++-------
Melee: War axe           |    55 |    44 ||    99
       Tailslap          |     7 |     4 ||    11
Invok: Renounce Religion |     1 |       ||     1
 Abil: Rolling Charge    |     2 |     2 ||     4
  Use: Potion            |       |     1 ||     1
Armor: Scale mail        |    21 |    21 ||    42
Dodge: Dodged            |    13 |    10 ||    23
Block: Buckler           |     5 |     7 ||    12

Table legend: (Time is in decaauts)
 A = Elapsed time spent in this place.
 B = Non-inter-level travel time spent in this place.
 C = Inter-level travel time spent in this place.
 D = Time resting spent in this place.
 E = Time spent auto-exploring this place.
 F = Levels seen in this place.
 G = Mean time per level.
                   A        B        C        D        E       F      G
               +--------+--------+--------+--------+--------+-----+--------+
         Total |   2909 |   2829 |     80 |    487 |   1511 |   4 |  727.2 |
       Dungeon |   2909 |   2829 |     80 |    487 |   1511 |   4 |  727.2 |
               +--------+--------+--------+--------+--------+-----+--------+

Top non-repeatable levels by time:
     D:3: 1463 daAuts
     D:2: 745 daAuts
     D:1: 676 daAuts
     D:4: 23 daAuts
